 Dungeon Crawl Stone Soup version 0.29-a0-1065-g47a6bb87d6 (webtiles) character file.

Game seed: 10999643080305622435

491 themarg the Insei (level 7, -14/52 HPs)
             Began as a Gnoll Transmuter on Aug 18, 2022.
             Was a Believer of Wu Jian.
             Blown up by Pikel (19 damage)
             ... with a mindburst bolt
             ... on level 5 of the Dungeon.
             The game lasted 00:13:20 (4332 turns).

themarg the Insei (Gnoll Transmuter)                Turns: 4332, Time: 00:13:20

Health: -14/52     AC: 17    Str:  9    XL:     7   Next: 14%
Magic:  8/15       EV: 13    Int: 15    God:    Wu Jian [**....]
Gold:   219        SH:  0    Dex: 12    Spells: 11/17 levels left

rFire   . . .      SeeInvis .   h - +7 staff of the Meek {protect, meekguard}
rCold   . . .      Faith    .   (shield currently unavailable)
rNeg    . . .      Spirit   .   a - +0 robe
rPois   .          Reflect  .   (helmet currently unavailable)
rElec   .          Harm     .   o - +0 cloak
rCorr   .          Rampage  .   (no gloves)
Will    .....                   (boots currently unavailable)
Stlth   ++........              (no amulet)
HPRegen 0.17/turn               (no ring)
MPRegen 0.14/turn               (no ring)

@: appendages, wereblooded, under a protective aura, studying Short Blades
A: horns 2, talons 2, fangs 1, strong nose, distributed training
a: End Transformation, Renounce Religion, Wall Jump


You were on level 5 of the Dungeon.
You worshipped Wu Jian.
Wu Jian was pleased with you.
You had temporarily grown beastly horns and talons.
You visited 1 branch of the dungeon, and saw 5 of its levels.

You collected 324 gold pieces.
You spent 105 gold pieces at shops.

Inventory:

Hand Weapons
 d - a +0 short sword
 h - the +7 staff of the Meek (weapon) {protect, meekguard}
   (You found it on level 2 of the Dungeon)

   It grants its wielder temporary protection when it strikes (+7 to AC).
   It provides extra protection to wielders with little health.
 k - a +0 dagger of venom
Missiles
 x - 6 poisoned darts
Armour
 a - a +0 robe (worn)
 o - a +0 cloak (worn)
Wands
 i - a wand of polymorph (10)
 q - a wand of flame (21)
Scrolls
 m - a scroll of amnesia {unknown}
 p - a scroll of immolation {unknown}
 r - a scroll of vulnerability
 s - a scroll of brand weapon {unknown}
 u - a scroll of teleportation
 v - a scroll of silence {unknown}
 y - 2 scrolls of identify {unknown}
 z - a scroll of enchant armour {unknown}
Potions
 b - 2 potions of lignification
 c - a potion of resistance {unknown}
 e - 3 potions of flight {unknown}
 f - 3 potions of heal wounds {unknown}
 g - a potion of haste {unknown}
 j - 3 potions of brilliance {unknown}
 l - a potion of mutation {unknown}
 n - 3 potions of attraction {unknown}
 w - 2 potions of degeneration {unknown}
 A - a potion of magic {unknown}


   Skills:
 + Level 3.5 Fighting
 + Level 2.8 Short Blades
 + Level 2.4 Long Blades
 + Level 2.4 Axes
 + Level 2.4 Maces & Flails
 + Level 2.4 Polearms
 + Level 2.4 Staves
 + Level 2.4 Ranged Weapons
 + Level 2.4 Throwing
 + Level 2.4 Armour
 + Level 5.2 Dodging
 + Level 2.4 Stealth
 + Level 2.4 Shields
 + Level 7.0 Unarmed Combat
 + Level 5.6 Spellcasting
 + Level 2.0 Conjurations
 + Level 2.0 Hexes
 + Level 2.0 Summonings
 + Level 2.0 Necromancy
 + Level 2.0 Translocations
 + Level 4.3 Transmutations
 + Level 2.0 Fire Magic
 + Level 2.0 Ice Magic
 + Level 2.0 Air Magic
 + Level 2.0 Earth Magic
 + Level 2.0 Poison Magic
 + Level 2.6 Invocations
 + Level 2.4 Evocations


You had 11 spell levels left.
You knew the following spells:

 Your Spells              Type           Power      Damage    Failure   Level
a - Beastly Appendage     Tmut           34%        N/A       2%          1
b - Wereblood             Tmut           17%        N/A       4%          2
c - Spider Form           Tmut/Pois      13%        N/A       13%         3

Your spell library contained the following spells:

 Spells                   Type           Power      Damage    Failure   Level
 Static Discharge         Conj/Air       10%        3-5/arc   11%         2
 Dazzling Flash           Conj/Hex       20%        N/A       21%         3
 Frozen Ramparts          Ice            20%        1d4       21%         3
 Ice Form                 Ice/Tmut       13%        N/A       38%         4
 Dispel Undead            Necr           10%        3d9       56%         4
 Iskenderun's Mystic Bla  Conj/Tloc      10%        2d4       56%         4
 Sticky Flame             Conj/Fire      10%        2d3       56%         4
 Summon Ice Beast         Ice/Summ       10%        N/A       56%         4
 Agony                    Necr           10%        N/A       88%         5
 Silence                  Hex/Air        5%         N/A       88%         5
 Starburst                Conj/Fire      5%         6d4       100%        6


Dungeon Overview and Level Annotations

Branches:
Dungeon (5/15)
 Temple: D:4-7

Altars:
Vehumet
Wu Jian

Shops:
D:4 [?=::

Annotations:
D:5 Pikel


Innate Abilities, Weirdness & Mutations

You have temporarily grown beastly horns and talons.
You have very sharp teeth.
Your uncanny sense of smell can sniff out nearby items.
Your experience applies equally to all skills.


Message History

Your Air Magic skill increases to level 2!
Your Earth Magic skill increases to level 2!
Your Poison Magic skill increases to level 2!
You barely miss the lemure. You claw the lemure, but do no damage.
The lemure barely misses you.
You closely miss the lemure.
You howl as the wereblood boils in your veins!
The lemure barely misses you. x2
You barely miss the lemure.
You howl as the wereblood boils in your veins!
Pikel waves his whip at you. The lemure closely misses you.
You thump the lemure!
Your weapon exudes an aura of protection.
The lemure is moderately wounded.
Pikel zaps a wand.
Your mind is blasted!
The lemure barely misses you.
You hit Pikel. You claw Pikel, but do no damage. You headbutt Pikel.
Pikel is lightly wounded.
You howl as the wereblood boils in your veins!
Pikel completely misses you. The lemure hits you.
You hit Pikel. Your kick misses Pikel. You headbutt Pikel, but do no damage.
Pikel is lightly wounded.
Pikel closely misses you. The lemure barely misses you.
You barely miss Pikel. Your kick misses Pikel.
Pikel is lightly wounded.
Pikel zaps a wand.
You struggle to resist.
The lemure barely misses you. x2
Pikel zaps a wand.
Your mind is blasted!
Your magical contamination has completely faded away.
You hit Pikel. Your kick misses Pikel. You headbutt Pikel.
Pikel is moderately wounded.
Pikel says, "Asmodeus and me are pals.
He gave me this whip."
Pikel zaps a wand.
Your mind is blasted!
* * * LOW HITPOINT WARNING * * *
The lemure hits you but does no damage.
Blink to where?
Press: ? - help, Dir - move target
As you read the scroll of blinking, it crumbles to dust.
You howl as the wereblood boils in your veins!
Pikel zaps a wand.
Your mind is blasted!
You die...

....# #55# #..# ....# #5##
#..# ....# #§# ##..# ....#
##K# #..(# ...## #..###...#
....# ## ###.###<...# ....#..#
#...# #....# ....##.#
#.#####....#### ....##.#
##@..........).## ....##.#
##...............## .......#
###..........÷......# ..###..#
#............)......# ###
#..#####.##..........).....#
##.......##................#
####.####)...................#
#............................#
#....).)...##...............##


You could see Pikel.

Vanquished Creatures
  A black bear (D:4)
  Blork the orc (D:5)
  A hound (D:4)
  2 orc wizards (D:4)
  9 adders
  5 gnolls
  A white imp (D:5)
  An ufetubus (D:5)
  4 worms
  5 dart slugs
  4 orcs
  5 ball pythons
  12 endoplasms
  2 giant cockroaches
  4 goblins
  6 hobgoblins
  6 jackals
  10 kobolds
  A quokka (D:5)
  5 bats
  4 frilled lizards
  8 rats
97 creatures vanquished.

Notes
Turn   | Place    | Note
-------+----------+-------------------------------------------
     0 | D:1      | themarg the Gnoll Transmuter began the quest for the Orb.
     0 | D:1      | Reached XP level 1. HP: 17/17 MP: 6/6
    21 | D:1      | Reached XP level 2. HP: 10/23 MP: 7/7
   199 | D:1      | Learned a level 2 spell: Wereblood
   992 | D:1      | Found a faded altar of an unknown god.
  1008 | D:1      | Prayed at the altar of an unknown god.
  1008 | D:1      | Became a worshipper of the Wu Jian Council
  1008 | D:1      | Reached * piety under Wu Jian
  1148 | D:2      | Found the +7 staff of the Meek {protect, meekguard}
  1187 | D:2      | Reached skill level 5 in Spellcasting
  1187 | D:2      | Reached XP level 3. HP: 28/28 MP: 6/9
  1217 | D:2      | Reached skill level 1 in Invocations
  1558 | D:2      | Reached skill level 1 in Short Blades
  1558 | D:2      | Reached skill level 1 in Long Blades
  1558 | D:2      | Reached skill level 1 in Axes
  1558 | D:2      | Reached skill level 1 in Maces & Flails
  1558 | D:2      | Reached skill level 1 in Polearms
  1558 | D:2      | Reached skill level 1 in Staves
  1558 | D:2      | Reached skill level 1 in Ranged Weapons
  1558 | D:2      | Reached skill level 1 in Throwing
  1558 | D:2      | Reached skill level 1 in Armour
  1558 | D:2      | Reached skill level 1 in Stealth
  1558 | D:2      | Reached skill level 1 in Shields
  1558 | D:2      | Reached skill level 1 in Evocations
  2058 | D:2      | Reached XP level 4. HP: 34/34 MP: 7/11
  2314 | D:3      | Reached ** piety under Wu Jian
  2321 | D:3      | Reached skill level 1 in Conjurations
  2321 | D:3      | Reached skill level 1 in Hexes
  2321 | D:3      | Reached skill level 1 in Summonings
  2321 | D:3      | Reached skill level 1 in Necromancy
  2321 | D:3      | Reached skill level 1 in Translocations
  2321 | D:3      | Reached skill level 1 in Fire Magic
  2321 | D:3      | Reached skill level 1 in Ice Magic
  2321 | D:3      | Reached skill level 1 in Air Magic
  2321 | D:3      | Reached skill level 1 in Earth Magic
  2321 | D:3      | Reached skill level 1 in Poison Magic
  2530 | D:3      | Found a radiant altar of Vehumet.
  2562 | D:3      | Learned a level 3 spell: Spider Form
  2720 | D:3      | Reached XP level 5. HP: 36/40 MP: 10/12
  2976 | D:4      | Noticed a black bear
  2983 | D:4      | Found Ylletej's Jewellery Boutique.
  2986 | D:4      | Killed a black bear
  2987 | D:4      | Reached skill level 5 in Dodging
  2987 | D:4      | Reached XP level 6. HP: 21/47 MP: 10/14
  3231 | D:4      | Found Roimoaf's Magic Scroll Shoppe.
  3239 | D:4      | Bought a scroll of blinking for 75 gold pieces
  3239 | D:4      | Bought a scroll of teleportation for 30 gold pieces
  3245 | D:4      | Found Kibel's Armour Emporium.
  3503 | D:4      | Found Bofonlao's Book Shop.
  3724 | D:4      | Found Utoef's Book Shoppe.
  3951 | D:5      | Entered Level 5 of the Dungeon
  4079 | D:5      | Noticed Pikel
  4175 | D:5      | Noticed Blork the orc
  4185 | D:5      | Killed Blork the orc
  4186 | D:5      | Reached skill level 7 in Unarmed Combat
  4186 | D:5      | Reached XP level 7. HP: 38/52 MP: 12/15
  4332 | D:5      | Blown up by Pikel

Illustrated notes

Levels and vault maps discovered:
D:1:      grunt_arrival_lava_bath, layout_loops_ring,
          dreamdust_ecumenical_altar_statues
D:2:      layout_loops_ring, grunt_ministairs_13, minmay_split_cup_large
D:3:      layout_loops_cross, vehumet_altar_wand_db
D:4:      layout_basic, serial_shops,
          nicolae_shop_temple_entry_statues_fountains, nicolae_shop_trees,
          nicolae_shop_stone, nicolae_lakefront_shop, nicolae_square_shop
D:5:      layout_rooms, temple_hall, uniq_blork_the_orc, uniq_pikel

Skill      XL: |  1  2  3  4  5  6  7 |
---------------+----------------------+-----
Spellcasting   | 5 |  5.6
Invocations    | 1 2 |  2.6
Short Blades   | 1 2 |  2.8
Long Blades    | 1 2 |  2.4
Axes           | 1 2 |  2.4
Maces & Flails | 1 2 |  2.4
Polearms       | 1 2 |  2.4
Staves         | 1 2 |  2.4
Ranged Weapons | 1 2 |  2.4
Throwing       | 1 2 |  2.4
Armour         | 1 2 |  2.4
Stealth        | 1 2 |  2.4
Shields        | 1 2 |  2.4
Evocations     | 1 2 |  2.4
Conjurations   | 1 2 |  2.0
Hexes          | 1 2 |  2.0
Summonings     | 1 2 |  2.0
Necromancy     | 1 2 |  2.0
Translocations | 1 2 |  2.0
Fire Magic     | 1 2 |  2.0
Ice Magic      | 1 2 |  2.0
Air Magic      | 1 2 |  2.0
Earth Magic    | 1 2 |  2.0
Poison Magic   | 1 2 |  2.0
Fighting       | 3 |  3.5
Transmutations | 4 |  4.3
Dodging        | 5 |  5.2
Unarmed Combat | 7 |  7.0

Action                   |  1- 3 |  4- 6 |  7- 9 || total
-------------------------+-------+-------+-------++-------
Melee: Unarmed           |    25 |    14 |     2 ||    41
       Headbutt          |    11 |     7 |     3 ||    21
       Kick              |    17 |    21 |     2 ||    40
       Bite              |    11 |     8 |       ||    19
       Short sword       |    66 |       |       ||    66
       Punch             |     4 |       |       ||     4
       Quarterstaff      |     6 |   106 |    10 ||   122
 Cast: Beastly Appendage |    24 |    27 |     1 ||    52
       Wereblood         |     1 |     2 |     1 ||     4
       Spider Form       |       |     2 |     1 ||     3
Invok: Lunge             |    11 |    14 |       ||    25
       Whirlwind         |     5 |    13 |       ||    18
  Use: Scroll            |       |     1 |     1 ||     2
 Stab: Sleeping          |     4 |     1 |       ||     5
       Distracted        |       |     1 |       ||     1
Armor: Robe              |    15 |    30 |     3 ||    48
       Skin              |       |     1 |       ||     1
Dodge: Dodged            |    60 |    63 |    15 ||   138

Table legend: (Time is in decaauts)
 A = Elapsed time spent in this place.
 B = Non-inter-level travel time spent in this place.
 C = Inter-level travel time spent in this place.
 D = Time resting spent in this place.
 E = Time spent auto-exploring this place.
 F = Levels seen in this place.
 G = Mean time per level.
                   A        B        C        D        E       F      G
               +--------+--------+--------+--------+--------+-----+--------+
         Total |   4350 |   4201 |    149 |   1064 |   2219 |   5 |  870.0 |
       Dungeon |   4350 |   4201 |    149 |   1064 |   2219 |   5 |  870.0 |
               +--------+--------+--------+--------+--------+-----+--------+

Top non-repeatable levels by time:
     D:2: 1201 daAuts
     D:1: 1096 daAuts
     D:4: 1068 daAuts
     D:3: 637 daAuts
     D:5: 345 daAuts
